 Dungeon Crawl Stone Soup version 0.31-a0-1223-gfd5aef93c1 (webtiles) character file.

Game seed: 18088313372102186594

1738 advertisingdisorder the Fighter (level 9, 0/67 HPs)
             Began as an Octopode Chaos Knight on Dec 14, 2023.
             Was a Plaything of Xom.
             Slain by a sleepcap (4 damage)
             ... on level 5 of the Dungeon.
             The game lasted 00:07:12 (5238 turns).

advertisingdisorder the Fighter (OpCK)              Turns: 5238, Time: 00:07:13

Health: 0/67       AC:  1    Str: 15      XL:     9   Next: 5%
Magic:  9/9        EV: 14    Int: 14      God:    Xom [.*....]
Gold:   187        SH:  0    Dex: 11 (14) Spells: 8/8 levels left

rFire   . . .        t - +0 short sword (venom)
rCold   . . .        (no shield)
rNeg    . . .        (helmet restricted)
rPois   +            (no amulet)
rElec   .            (no ring)
rCorr   .            (no ring)
SInv    .            (no ring)
Will    .....        (no ring)
Stlth   ++           (no ring)
HPRegen 0.31/turn    (no ring)
MPRegen 0.11/turn    (no ring)
                     (no ring)

%: clarity
@: no status effects
A: almost no armour, amphibious, 8 rings, camouflage 1, gelatinous body 1,
(nimble swimmer 1), tentacles, beak, clarity, poison resistance, strong 1,
evolution 1
a: Renounce Religion


You were on level 5 of the Dungeon.
You worshipped Xom.
You were a plaything of Xom.
You visited 1 branch of the dungeon, and saw 5 of its levels.
You also visited: Sewer.

You collected 187 gold pieces.

Inventory:

Hand Weapons
 a - a +0 falchion of chaos
 l - a +0 mace of protection
 m - a +1 heavy flail
 t - a +0 short sword of venom (weapon)
Missiles
 g - a throwing net {!f}
 u - 2 curare-tipped darts
Jewellery
 i - a ring of fire
Wands
 j - a wand of flame (15) (quivered)
 v - a wand of polymorph (1)
 A - a wand of mindburst (22)
Scrolls
 d - a scroll of fog {unknown}
 h - a scroll of amnesia {unknown}
 k - a scroll of vulnerability
 n - a scroll of summoning {unknown}
 p - a scroll of revelation {unknown}
 q - 2 scrolls of teleportation {@r3}
 r - a scroll of noise
 w - a scroll of enchant weapon {unknown}
 x - 2 scrolls of enchant armour
 y - 2 scrolls of blinking {unknown}
Potions
 c - a potion of degeneration
 e - 3 potions of curing {@q1}
 f - 3 potions of magic {unknown}
 o - a potion of invisibility {unknown}
 s - 3 potions of mutation {unknown}
 z - a potion of resistance {unknown}


   Skills:
 + Level 8.7 Fighting
 + Level 6.7 Long Blades
 + Level 4.5 Dodging
 + Level 3.1 Evocations


You had 8 spell levels left.
You didn't know any spells.
Your spell library was empty.

Dungeon Overview and Level Annotations

Branches:
Dungeon (5/15)              Sewer (visited)
 Temple: D:4-7

Altars:
Ashenzari
Cheibriados
Makhleb
Nemelex Xobeh
Vehumet
The Shining One


Innate Abilities, Weirdness & Mutations

You cannot wear most types of armour.
You are amphibious.
You can wear up to eight rings at the same time.
Your skin changes colour to match your surroundings (Stealth+).
Your rubbery body absorbs attacks. (AC +1, EV +1)
((You are camouflaged when in or above water. (Stealth+)))
You have tentacles for arms and can constrict up to eight enemies at once.
You have a beak for a mouth.
You possess an exceptional clarity of mind.
Your system is resistant to poisons. (rPois)
Your muscles are strong. (Str +4, Int/Dex -1)
You have hidden genetic potential.


Message History

You constrict the howler monkey.
You kill the howler monkey!
Aiming: Mindburst
Press: ? - help, Shift-Dir - straight line, f - you That would be overly suicidal.
Okay, then.
Aiming: Throw Flame
Press: ? - help, Shift-Dir - straight line, f - sleepcap
Aim: a sleepcap (100% to hit)
The puff of flame hits the sleepcap!
You hit the sleepcap but do no damage.
The sleepcap is poisoned.
You grab the sleepcap. You constrict the sleepcap. The sleepcap misses you.
You hit the sleepcap.
You constrict the sleepcap, but do no damage.
An adder comes into view.
The sleepcap releases spores at you!
* * * LOW HITPOINT WARNING * * *
You are engulfed in a cloud of soporific spores!
You are unaffected.
The adder hisses angrily.
You hit the sleepcap. You constrict the sleepcap.
A centaur comes into view.
The sleepcap misses you.
You hit the sleepcap.
You peck the sleepcap, but do no damage.
You constrict the sleepcap, but do no damage.
The centaur wields a +0 orcbow.
The centaur shoots an arrow.
The arrow hits you!
* * * LOW HITPOINT WARNING * * *
Xom is mildly amused.
The sleepcap barely misses you.
Okay, then.
Okay, then.
You feel better.
You constrict the sleepcap. The adder bites you.
* * * LOW HITPOINT WARNING * * *
The centaur shoots an arrow.
The arrow hits you!
* * * LOW HITPOINT WARNING * * *
The adder misses you. The sleepcap releases spores at you.
You die...
Xom titters!

#.## # #...#. #.
###..#. ..#.#. # ..
....#. # #.#. #. .#
#...' #.#. #. .##
...# # #. #. .. #..
... #.#. #.## ####
#.f###..# #..######.
#@S†..###.........
#†#.....#..#####..
#.......# . #..
..c###..#.#.######..
.#. ##..#.#.#.......
.. #...#.#.#####...
......#.#.#o# #...
#######.#.#.# #...
#.#.#.#####...


You could see a sleepcap (poisoned), a centaur and an adder.

Vanquished Creatures
  Eustachio (D:4)
  2 black bears (D:5)
  An ogre (D:4)
  Blork the orc (D:4)
  2 brain worms (Sewer)
  3 kobold brigands (Sewer)
  3 scorpions
  A killer bee (D:3)
  A howler monkey (D:5)
  2 hounds (D:5)
  An orc priest (D:4)
  A jelly (D:5)
  2 iguanas
  Terence (D:3)
  2 orc wizards
  Ijyb (D:4)
  3 gnolls (D:4)
  4 river rats (Sewer)
  12 adders
  A white imp (D:5)
  4 ufetubi
  5 worms
  A dart slug (D:3)
  12 orcs
  8 ball pythons
  4 endoplasms
  3 giant cockroaches
  9 goblins
  9 hobgoblins
  5 jackals
  10 kobolds
  4 quokkas
  2 bats
  9 frilled lizards
  7 rats
137 creatures vanquished.

Vanquished Creatures (collateral kills)
  A scorpion (D:5)
  A hound (D:5)
2 creatures vanquished.

Grand Total: 139 creatures vanquished

Notes
Turn   | Place    | Note
-------+----------+-------------------------------------------
     0 | D:1      | advertisingdisorder the Octopode Chaos Knight began the
                  | quest for the Orb.
     0 | D:1      | Reached XP level 1. HP: 16/16 MP: 1/1
    94 | D:1      | Reached XP level 2. HP: 21/21 MP: 2/2
   226 | D:1      | XOM: smoke on damage
   374 | D:1      | XOM: divination: magic mapping
   621 | D:2      | Reached XP level 3. HP: 27/27 MP: 3/3
   716 | D:2      | Reached skill level 4 in Fighting
   758 | D:2      | XOM: butterfly on damage
   760 | D:2      | XOM: cast spell 'Summon Small Mammal'
   876 | D:2      | Reached XP level 4. HP: 33/33 MP: 4/4
   937 | D:2      | XOM: 1-stop teleportation journey
  1243 | D:3      | XOM: polymorph worm -> killer bee
  1246 | D:3      | Reached XP level 5. HP: 26/38 MP: 5/5
  1324 | D:3      | XOM: give mutation
  1324 | D:3      | Gained mutation: You are dopey. (Int -2) [Xom's mischief]
  1367 | D:3      | Noticed Terence
  1375 | D:3      | Killed Terence
  1376 | D:3      | Reached skill level 5 in Fighting
  1398 | D:3      | XOM: give mutations
  1398 | D:3      | Gained mutation: Your muscles are strong. (Str +4, Int/Dex
                  | -1) [Xom's mischief]
  1398 | D:3      | Gained mutation: You have hidden genetic potential. [Xom's
                  | mischief]
  1398 | D:3      | Gained mutation: You have great hidden genetic potential.
                  | [Xom's mischief]
  1398 | D:3      | Lost mutation: You are dopey. (Int -2) [Xom's mischief]
  1628 | D:3      | You fall into a shaft and drop 2 floors!
  1628 | D:5      | Entered Level 5 of the Dungeon
  1638 | D:5      | XOM: smoke on damage
  1703 | D:5      | Noticed a phantom
  1706 | D:5      | XOM: summons 5 friendly demons
  1714 | D:5      | Reached XP level 6. HP: 46/46 MP: 6/6
  1722 | D:5      | Reached skill level 6 in Fighting
  1727 | D:5      | Gained mutation: You possess an exceptional clarity of
                  | mind. [hidden potential]
  1809 | D:5      | Found a radiant altar of Vehumet.
  1809 | D:5      | XOM: 2-stop teleportation journey
  1811 | D:5      | Found a sparkling altar of Nemelex Xobeh.
  1812 | D:5      | Found a glowing golden altar of the Shining One.
  1813 | D:5      | Found a broken altar of Ashenzari.
  1915 | D:5      | Reached skill level 5 in Long Blades
  2042 | D:5      | Noticed an ice beast
  2085 | D:4      | Reached XP level 7. HP: 33/53 MP: 7/7
  2089 | D:4      | Noticed Ijyb
  2140 | D:4      | Noticed Blork the orc
  2211 | D:4      | Found a glowing drain.
  2232 | Sewer    | Entered a sewer
  2410 | Sewer    | Gained mutation: You have a beak for a mouth. [hidden
                  | potential]
  2410 | Sewer    | Lost mutation: You have great hidden genetic potential.
                  | [hidden potential expressed]
  2481 | Sewer    | XOM: god gift: tapered glass wand {god gift}
  2645 | Sewer    | Reached skill level 7 in Fighting
  2674 | Sewer    | XOM: cloud trail
  2945 | Sewer    | Reached XP level 8. HP: 32/60 MP: 8/8
  3062 | Sewer    | XOM: enchant monster (bad)
  3064 | Sewer    | XOM: smoke on damage
  3408 | D:4      | XOM: potion effect (haste)
  3413 | D:4      | XOM: potion effect (brilliance)
  3416 | D:4      | Killed Blork the orc
  3428 | D:4      | XOM: summons friendly white imp
  3431 | D:4      | Reached skill level 1 in Evocations
  3437 | D:3      | Gained mutation: Your system is resistant to poisons.
                  | (rPois) [hidden potential]
  3630 | D:3      | XOM: 3-stop teleportation journey
  3657 | D:3      | Found a snail-covered altar of Cheibriados.
  3786 | D:3      | Reached skill level 8 in Fighting
  3845 | D:3      | XOM: summons 1 hostile shadow creature
  4179 | D:4      | XOM: cast spell 'Summon Small Mammal'
  4192 | D:4      | Noticed Eustachio
  4202 | D:4      | XOM: cast spell 'Summon Small Mammal'
  4217 | D:4      | Killed Eustachio
  4549 | D:4      | Killed Ijyb
  4638 | D:4      | XOM: noise
  4904 | D:4      | Found a burning altar of Makhleb.
  5058 | D:4      | XOM: summons 5 hostile demons
  5061 | D:5      | XOM: god gift: 312 gold pieces
  5217 | D:5      | Reached XP level 9. HP: 43/67 MP: 9/9
  5238 | D:5      | Slain by a sleepcap

Illustrated notes

Levels and vault maps discovered:
D:1:      ldierk_walled_garden_2, layout_basic
D:2:      minmay_spotlight, layout_basic
D:3:      layout_loops_ring, cheibrodos_worm_habitat, uniq_terence
D:4:      layout_basic, marbit_many_paths, portal_sewer_entry_b,
          minmay_misc_feat_hallway, kennysheep_generic_room_5, uniq_ijyb,
          uniq_blork_the_orc, uniq_eustachio
D:5:      layout_basic, grunt_temple_overflow_open, serial_co_window_serial,
          co_window_corner_a, co_window_paths_b, co_window_corner_a,
          co_window_corner_a, co_window_paths_a, co_window_of_opportunity_b,
          co_window_2corner, co_window_corner_b, co_window_broadway_c,
          co_window_4corner_b, co_window_paths_e, st_stairs_2,
          minmay_starry_boxes

Skill      XL: |  1  2  3  4  5  6  7  8 |
---------------+-------------------------+-----
Fighting       | 4 5 6 7 8 |  8.7
Long Blades    | 4 5 6 |  6.7
Dodging        | 3 4 |  4.5
Evocations     | 3 |  3.1

Action                     |  1- 3 |  4- 6 |  7- 9 || total
---------------------------+-------+-------+-------++-------
  Melee: Falchion          |    71 |    60 |    51 ||   182
         Tentacles         |    19 |    12 |    68 ||    99
         Constrict         |    21 |    12 |    64 ||    97
         Punch             |     1 |       |     8 ||     9
         Short sword       |       |       |   201 ||   201
         Peck              |       |       |    53 ||    53
  Evoke: Wand              |       |     3 |    13 ||    16
    Use: Scroll            |       |       |     7 ||     7
         Potion            |       |       |     2 ||     2
   Stab: Sleeping          |     4 |     2 |    13 ||    19
 Armour: Skin              |    21 |    40 |   140 ||   201
  Dodge: Dodged            |    42 |    32 |   163 ||   237

Table legend: (Time is in decaauts)
 A = Elapsed time spent in this place.
 B = Non-inter-level travel time spent in this place.
 C = Inter-level travel time spent in this place.
 D = Time resting spent in this place.
 E = Time spent auto-exploring this place.
 F = Levels seen in this place.
 G = Mean time per level.
                   A        B        C        D        E       F      G
               +--------+--------+--------+--------+--------+-----+--------+
         Total |   5199 |   5099 |    100 |    639 |   3339 |   6 |  866.5 |
       Dungeon |   4119 |   4019 |    100 |    390 |   2722 |   5 |  823.8 |
         Sewer |   1080 |   1080 |      0 |    249 |    617 |   1 | 1080.0 |
               +--------+--------+--------+--------+--------+-----+--------+

Top non-repeatable levels by time:
     D:4: 1209 daAuts
   Sewer: 1080 daAuts
     D:3: 1016 daAuts
     D:5: 656 daAuts
     D:1: 619 daAuts
     D:2: 617 daAuts
